 Dungeon Crawl Stone Soup version 0.23-a0-558-g30802b1 (webtiles) character file.

437 Amnesiac the Ducker (level 6, 0/32 HPs)
             Began as a Spriggan Berserker on Dec 12, 2018.
             Was a Priest of Trog.
             Killed by nerve-wracking pain
             ... invoked by Grinder
              (14 damage)
             ... on level 4 of the Dungeon.
             The game lasted 00:06:39 (4151 turns).

Amnesiac the Ducker (Spriggan Berserker)            Turns: 4151, Time: 00:06:40

Health: 0/32       AC:  2    Str: 13 (15) XL:     6   Next: 69%
Magic:  16/16      EV: 21    Int:  7 (8)  God:    Trog [***...]
Gold:   188        SH:  0    Dex: 15 (18) Spells: 5/5 levels left

rFire    . . .     SeeInvis +   a - +2 dagger (venom)
rCold    . . .     Gourm    .   (shield restricted)
rNeg     . . .     Faith    .   n - +0 animal skin
rPois    .         Spirit   .   (helmet restricted)
rElec    .         Reflect  .   t - +0 cloak
rCorr    .         Harm     .   (gloves unavailable)
MR       +....                  (boots unavailable)
Stlth    +++.......             (no amulet)
HPRegen  0.10/turn              d - ring of magical power
MPRegen  0.15/turn              (no ring)

@: very quick
A: very small, unfitting armour, see invisible, agile 1, deformed body,
herbivore, speed 3, screaming 1, slow metabolism 2
a: Berserk, Trog's Hand, Renounce Religion


You were on level 4 of the Dungeon.
You worshipped Trog.
Trog was most pleased with you.
You were very full.

You visited 1 branch of the dungeon, and saw 4 of its levels.

You collected 188 gold pieces.

Inventory:

Hand Weapons
 a - a +2 dagger of venom (weapon)
 b - a +0 hunting sling
Missiles
 o - 137 stones (quivered)
 p - 25 sling bullets
Armour
 n - a +0 animal skin (worn)
 t - a +0 cloak (worn)
Jewellery
 d - a ring of magical power (left hand)
Wands
 g - a wand of acid (9)
 q - a wand of random effects (28)
Scrolls
 i - 6 scrolls of remove curse {!r}
 j - 2 scrolls of magic mapping {!r, unknown}
 s - 2 scrolls of fog {!r}
Potions
 e - a potion of curing {!q, unknown}
 f - a potion of ambrosia {!q}
 h - a potion of might {!q, unknown}
 r - a potion of heal wounds {!q}
Comestibles
 c - 2 rations


   Skills:
 - Level 3.0 Fighting
 * Level 6.2 Short Blades
 + Level 6.5 Dodging
 + Level 4.7 Stealth


You had 5 spell levels left.
You didn't know any spells.
Your spell library was empty.

Dungeon Overview and Level Annotations

Branches:
Dungeon (4/15)
 Temple: D:4-7

Altars:
Elyvilon
Okawaru
Zin

Annotations:
D:4 Grinder


Innate Abilities, Weirdness & Mutations

You are very small and have problems with some larger weapons.
You are too small for most types of armour.
You have supernaturally acute eyesight. (SInv)
You are a herbivore.
You cover ground extremely quickly.
You need to consume almost no food.
You are agile. (Dex +2)
Armour fits poorly on your strangely shaped body.
You occasionally shout uncontrollably at your foes.


Message History

a cursed +0 ring mail; an orc corpse You start resting.
Magic restored.
You see here an adder corpse.
Found a robe.
Found a pair of gloves.
Found a spear.
j - 2 scrolls labeled CIASTE WUKOEF {!r} (gained 1)
The hound skeleton is too close now for your liking.
A hound skeleton is nearby!
A hound skeleton is nearby!
Grinder comes into view.
The hound skeleton misses you.
You hit the hound skeleton.
The hound skeleton is lightly damaged.
Grinder shouts!
The hound skeleton completely misses you.
You hit the hound skeleton.
The hound skeleton is lightly damaged.
The hound skeleton completely misses you.
You barely miss the hound skeleton.
The hound skeleton is lightly damaged.
The hound skeleton completely misses you.
You hit the hound skeleton.
The hound skeleton is moderately damaged.
The hound skeleton barely misses you.
You hit the hound skeleton.
The hound skeleton is heavily damaged.
The hound skeleton closely misses you.
You hit the hound skeleton.
The hound skeleton is heavily damaged.
You barely miss the hound skeleton.
The hound skeleton is heavily damaged.
The hound skeleton completely misses you.
You hit the hound skeleton.
The hound skeleton is severely damaged.
The hound skeleton bites you.
You hit the hound skeleton.
The hound skeleton is severely damaged.
The hound skeleton barely misses you. Grinder misses you.
You hit the hound skeleton.
You destroy the hound skeleton!
Trog accepts your kill.
You hit Grinder.
Grinder is lightly wounded.
Grinder completely misses you.
You hit Grinder.
Grinder is poisoned.
Grinder is lightly wounded.
Grinder gestures at you. Pain shoots through your body!
* * * LOW HITPOINT WARNING * * *
You barely miss Grinder.
Grinder is lightly wounded.
Grinder completely misses you.
You barely miss Grinder.
Grinder is moderately wounded.
You hit Grinder.
Grinder is moderately wounded.
Grinder misses you.
You hit Grinder.
Grinder is heavily wounded.
Grinder gestures at you. Pain shoots through your body!
You die...

#.s####....###...### #
##...##....## #.....#####
#.........## ##..........
............#####...........
........##...##.............
#####...###..........##.....
#.............[..#####..
#................# ##.
.......@........## #.
#......5.........## ##†
.................# #..
.................## #..
#......[..........## #..
##.................###..
##.....................
......................
...........#########..


You could see Grinder.

Vanquished Creatures
  Eustachio (D:4)
  A bullfrog zombie (D:4)
  A jelly (D:2)
  3 orc wizards
  A hound skeleton (D:4)
  Robin (D:3)
  4 adders
  2 leopard geckos
  13 orcs
  4 giant cockroaches
  13 goblins
  12 hobgoblins
  4 kobolds
  A quokka (D:2)
  11 bats
  4 frilled lizards
  10 rats
86 creatures vanquished.

Notes
Turn   | Place    | Note
-------+----------+-------------------------------------------
     0 | D:1      | Amnesiac the Spriggan Berserker began the quest for the
                  | Orb.
     0 | D:1      | Reached XP level 1. HP: 11/11 MP: 2/2
   316 | D:1      | Reached XP level 2. HP: 16/16 MP: 3/3
   909 | D:1      | Reached skill level 1 in Stealth
   957 | D:2      | Reached XP level 3. HP: 13/19 MP: 4/4
  1070 | D:2      | Reached ** piety under Trog
  1070 | D:2      | Reached skill level 5 in Dodging
  1275 | D:2      | Reached XP level 4. HP: 23/23 MP: 5/5
  1649 | D:2      | Found an iron altar of Okawaru.
  1708 | D:2      | Found a glowing silver altar of Zin.
  2124 | D:3      | Found a white marble altar of Elyvilon.
  2182 | D:3      | Reached XP level 5. HP: 17/28 MP: 6/6
  3077 | D:3      | Gained mutation: Armour fits poorly on your strangely
                  | shaped body. [potion of mutation]
  3077 | D:3      | Gained mutation: You occasionally shout uncontrollably at
                  | your foes. [potion of mutation]
  3077 | D:3      | Gained mutation: You are agile. (Dex +2) [potion of
                  | mutation]
  3085 | D:4      | Noticed Robin
  3313 | D:3      | Killed Robin
  3313 | D:3      | Reached *** piety under Trog
  3313 | D:3      | Reached skill level 5 in Short Blades
  3872 | D:4      | Noticed Eustachio
  3884 | D:4      | Killed Eustachio
  3884 | D:4      | Reached XP level 6. HP: 25/32 MP: 7/7
  4134 | D:4      | Noticed Grinder
  4151 | D:4      | Killed from afar by Grinder

Vault maps used:
D:1:      onia_arrival_pentagram
D:2:      lemuel_round_altar, kennysheep_okawaru_gauntlet
D:3:      lemuel_round_altar
D:4:      serial_shops, nicolae_shop_statue_plus, uniq_eustachio, uniq_duvessa,
          uniq_grinder, uniq_robin

Skill      XL: |  1  2  3  4  5 |
---------------+----------------+-----
Stealth        | 1 2 4 |  4.7
Short Blades   | 4 6 |  6.2
Dodging        | 5 6 |  6.5
Fighting       | 3 |  3.0

Action                   |  1- 3 |  4- 6 || total
-------------------------+-------+-------++-------
Melee: Short sword       |    58 |       ||    58
       Dagger            |    47 |   207 ||   254
Invok: Berserk           |       |     1 ||     1
  Use: Scroll            |       |     7 ||     7
       Potion            |       |     3 ||     3
 Stab: Sleeping          |     4 |     2 ||     6
       Distracted        |       |     1 ||     1
  Eat: Ration            |       |     5 ||     5
Armor: Animal skin       |    11 |     8 ||    19
Dodge: Dodged            |    76 |   157 ||   233

Table legend:
 A = Non-vault XP
 B = Vault XP
 C = Vault XP percentage of total XP
 D = Non-vault monster count
 E = Vault monster count
 F = Vault count percentage of total count
                 A         B        C        D         E       F
            +---------+---------+-------+---------+---------+-------
      Total |     397 |     228 |  36.5 |      72 |      14 |  16.3
            +---------+---------+-------+---------+---------+-------
        D:1 |      33 |       0 |   0.0 |      24 |       0 |   0.0
        D:2 |     104 |       0 |   0.0 |      17 |       0 |   0.0
        D:3 |      76 |      22 |  22.4 |      17 |       5 |  22.7
        D:4 |     184 |     206 |  52.8 |      14 |       9 |  39.1
            +---------+---------+-------+---------+---------+-------
